 Dungeon Crawl Stone Soup version 0.26-a0-976-gd3b5134375 (webtiles) character file.

Game seed: 16690109246572291821

212458 Peloso the Peltast (level 18, 0/168 HPs)
             Began as a Minotaur Fighter on Dec 5, 2020.
             Was a High Priest of Okawaru.
             Killed from afar by a moon troll (25 damage)
             ... with a bolt of acid
             ... in a wizard's laboratory.
             The game lasted 01:42:46 (37063 turns).

Peloso the Peltast (Minotaur Fighter)              Turns: 37063, Time: 01:42:46

Health: 0/168      AC: 22    Str: 27      XL:     18   Next: 62%
Magic:  20/20      EV: 14    Int:  3 (5)  God:    Okawaru [*****.]
Gold:   1123       SH: 18    Dex: 12      Spells: 17/17 levels left

rFire    . . .     SeeInvis .   a - +3 scimitar (flame)
rCold    . . .     Faith    .   c - +0 kite shield {reflect}
rNeg     . . .     Spirit   .   H - +4 plate armour {MR+}
rPois    +         Reflect  +   l - +1 hat
rElec    .         Harm     .   B - +1 cloak
rCorr    .         Rampage  .   J - +3 pair of gauntlets of War {Slay+5}
MR       +++..     Rnd*Tele +   p - +1 pair of boots {Stlth+}
Stlth    ..........             (no amulet)
HPRegen  0.38/turn              h - ring of protection from magic
MPRegen  0.17/turn              F - ring of poison resistance

@: mighty, heroism, corroded
A: retaliatory headbutt, horns 2, blurry vision 1, deformed body, teleportitis 1
a: Heroism, Finesse, Renounce Religion


You were in a wizard's laboratory.
You worshipped Okawaru.
Okawaru was extremely pleased with you.
You visited 5 branches of the dungeon, and saw 27 of its levels.
You visited 1 bazaar.
You also visited: Gauntlet, Ice Cave and Wizlab.

You collected 3363 gold pieces.
You spent 2240 gold pieces at shops.

Inventory:

Hand Weapons
 a - a +3 scimitar of flaming (weapon)
 b - the +12 Vampire's Tooth {vamp}
   (You found it on level 10 of the Dungeon)

   It inflicts no extra harm, but heals its wielder when it wounds a living foe.
Armour
 c - a +0 kite shield of reflection (worn)
 i - a +1 pair of gloves of strength
 l - a +1 hat (worn)
 p - a +1 pair of boots of stealth (worn)
 B - a +1 cloak (worn)
 H - a +4 plate armour of magic resistance (worn)
 J - the +3 pair of gauntlets of War (worn) {Slay+5}
   (You bought it in a shop on level 4 of the Dungeon)

   It affects your accuracy and damage with ranged weapons and melee attacks
   (+5).
Jewellery
 d - an uncursed ring of protection from cold
 e - an uncursed ring of protection from fire
 h - a ring of protection from magic (left hand)
 s - an uncursed ring of resist corrosion
 w - the ring of Hospitality {Ice rPois rN+++ Str-4 Int-4}
   (You found it in a wizard's laboratory)

   [ring of ice]

   It enhances your ice magic.
   It affects your strength (-4).
   It affects your intelligence (-4).
   It makes you vulnerable to fire.
   It protects you from cold.
   It protects you from poison.
   It renders you almost immune to negative energy.
 E - an uncursed ring of positive energy
 F - a ring of poison resistance (right hand)
 K - an uncursed amulet of reflection {unknown}
Wands
 k - a wand of digging (2)
Scrolls
 f - 3 scrolls of identify
 j - 4 scrolls of magic mapping
 m - 3 scrolls of enchant weapon
 n - 9 scrolls of remove curse
 q - 3 scrolls of immolation
 v - 6 scrolls of blinking
 x - 6 scrolls of teleportation
 y - a scroll of enchant armour
 C - 2 scrolls of noise
 G - a scroll of fear
 I - 8 scrolls of fog
Potions
 g - 9 potions of curing
 o - a potion of ambrosia
 r - 8 potions of mutation
 t - 4 potions of flight
 u - a potion of resistance
 D - a potion of might
 L - a potion of haste
Miscellaneous
 z - a phantom mirror


   Skills:
 + Level 16.5(21.5) Fighting
 + Level 9.6(19.1) Short Blades
 + Level 17.8(23.6) Long Blades
 + Level 1.0(6.2) Axes
 + Level 0.6(6.1) Maces & Flails
 + Level 0.6(6.1) Polearms
 + Level 0.6(6.0) Staves
 + Level 0.5(5.7) Slings
 + Level 0.5(5.5) Bows
 + Level 0.5(5.5) Crossbows
 + Level 0.4(5.6) Throwing
 + Level 16.4(21.4) Armour
 + Level 7.2(12.2) Dodging
 + Level 2.6(7.6) Stealth
 + Level 19.5(24.5) Shields
 + Level 0.5(5.5) Unarmed Combat
 + Level 0.2 Spellcasting
 + Level 0.4 Conjurations
 + Level 0.2 Hexes
 + Level 0.2 Summonings
 + Level 0.2 Necromancy
 + Level 0.2 Translocations
 + Level 0.5 Transmutations
 + Level 0.2 Fire Magic
 + Level 0.2 Ice Magic
 + Level 0.2 Air Magic
 + Level 0.5 Earth Magic
 + Level 0.2 Poison Magic
 + Level 4.1 Invocations
 + Level 0.8 Evocations


You had 17 spell levels left.
You didn't know any spells.
Your spell library contained the following spells:

 Spells                   Type           Power        Failure   Level
 Sting                    Tmut/Pois      #...         91%         1
 Shock                    Conj/Air       #...         92%         1
 Animate Skeleton         Necr           #.....       93%         1
 Pain                     Necr           #...         93%         1
 Poisonous Vapours        Pois/Air       #.....       98%         2
 Sublimation of Blood     Necr           #.........   98%         2
 Ignite Poison            Fire/Tmut/Pois #.......     100%        3
 Static Discharge         Conj/Air       #.......     100%        3
 Vampiric Draining        Necr           #.........   100%        3
 Animate Dead             Necr           #.........   100%        4
 Iskenderun's Mystic Bla  Conj/Tloc      #.......     100%        4
 Olgreb's Toxic Radiance  Pois           #.......     100%        4
 Petrify                  Tmut/Erth      #.......     100%        4
 Summon Lightning Spire   Summ/Air       #.......     100%        4
 Agony                    Necr           #.......     100%        5
 Alistair's Intoxication  Tmut/Pois      #........    100%        5
 Irradiate                Conj/Tmut      #.........   100%        5
 Silence                  Hex/Air        #.........   100%        5
 Summon Demon             Summ           #.........   100%        5
 Summon Forest            Summ/Tloc      #.........   100%        5
 Summon Mana Viper        Hex/Summ       #.......     100%        5
 Conjure Ball Lightning   Conj/Air       #.........   100%        6
 Dispersal                Tloc           #.........   100%        6
 Eringya's Noxious Bog    Tmut/Pois      #.........   100%        6
 Shadow Creatures         Summ           N/A          100%        6
 Summon Hydra             Summ           #.........   100%        7
 Tornado                  Air            #.........   100%        9


Dungeon Overview and Level Annotations

Branches:
Dungeon (15/15)            Temple (1/1) D:6            Lair (6/6) D:11
  Swamp (0/4) Lair:2        Snake (0/4) Lair:2        Slime (0/5) Lair:5
    Orc (2/2) D:11            Elf (3/3) Orc:2        Vaults (0/5) D:13
 Depths (0/5) D:15          IceCv (visited)          WizLab (1/1)
Gauntlet (visited)

Altars:
Ashenzari
Cheibriados
Dithmenos
Fedhas
Gozag
Hepliaklqana
Kikubaaqudgha
Makhleb
Okawaru
Qazlal
Ru
Sif Muna
Trog
Uskayaw
Vehumet
Xom
Yredelemnul
Beogh

Shops:
D:4 =(:[(   D:11 [   D:14 ?   D:15 *([[(   Orc:2 [:[(   Elf:1 }=}[   Elf:2 !

Annotations:
D:15 scudo
Elf:2 3 runed translucent doors WizLab 1 transporter


Innate Abilities, Weirdness & Mutations

You reflexively headbutt those who attack you in melee.
You have a pair of horns on your head.
Scrolls take you a little longer to read.
Armour fits poorly on your strangely shaped body.
You are occasionally teleported next to monsters.


Message History

The bolt of acid hits you!!
* * * LOW HITPOINT WARNING * * *
The acid corrodes you!
You are splashed with acid!
* * * LOW HITPOINT WARNING * * *
You feel much better.
The stone giant hits you but does no damage.
You block the moon troll's attack.
The moon troll claws you but does no damage.
The moon troll claws you.
* * * LOW HITPOINT WARNING * * *
You feel very mighty all of a sudden. You block the stone giant's attack.
The moon troll bites you.
* * * LOW HITPOINT WARNING * * *
You block the moon troll's attack. x2
You hit the moon troll but do no damage.
The moon troll is moderately wounded.
You block the stone giant's attack.
The moon troll points at you and mumbles some strange words.
The bolt of acid hits you!!
You die...

###......###..##.....##..## #
#.......##...#######...## ##
##..##.......###|©:###....
.#######....###....##[?}[:?[##...
....#..##.....###.##.[#####!.##.#
##..#..P#.#...#©###..# #..###
.#.##..##....##..##.. ..##.
.......'..#..#...#.. ..#.
.......'..#..#..@# 2...... #.
.......'..#..#.CT# T...... #.
.#.##..##....##..## ....C.. #.
##..#..P#.#...#...# ....... ..
....#..##.....#...## ......# .
.#######....####...## ......#
##..P..##..##..#....###...###.
#....P..#''#...##.....(...2... #
#..P.......#....##............ ##


You could see a moon troll and a stone giant.

Vanquished Creatures
  Saint Roka (Orc:2)
  Jorgrun (Elf:1)
  A quicksilver dragon (WizLab)
  9 tentacled starspawn (WizLab)
  Donald (Elf:1)
  A cacodemon (WizLab)
  6 very ugly things (WizLab)
  A war gargoyle (WizLab)
  A stone giant (WizLab)
  A minotaur (Gauntlet)
  2 deep elf annihilators (Elf:1)
  A dire elephant (Lair:6)
  A deep elf death mage (Elf:1)
  A crystal guardian (WizLab)
  Josephine (D:13)
  3 fire dragons
  Erolcha (D:9)
  3 great orbs of eyes
  Harold (D:7)
  A rakshasa (D:14)
  Fannar (Lair:3)
  3 centaur warriors
  5 boulder beetles
  4 vault guards (D:13)
  A ghost crab (Gauntlet)
  7 hydras
  A catoblepas (Lair:4)
  A death knight (D:12)
  5 two-headed ogres
  Urug (Lair:1)
  9 dancing weapons
  3 death yaks (Lair:6)
  2 tengu warriors
  A wretched star (WizLab)
  5 deep elf knights
  Nergalle (Lair:1)
  4 sixfirhies (Gauntlet)
  5 skeletal warriors
  6 unseen horrors
  6 glowing orange brains (WizLab)
  A bog body (Lair:2)
  5 orange crystal statues
  5 deep elf archers
  2 lindwurms (Lair:6)
  26 deep elf magi
  A necromancer (D:15)
  2 orc knights
  A phantasmal warrior (D:15)
  5 orc sorcerers
  An orb spider (shapeshifter) (D:15)
  A frost giant zombie (D:15)
  3 manticores
  12 ugly things
  4 oklob plants
  9 elephants
  2 cyclopes
  A frost giant skeleton (D:15)
  6 black mambas
  5 torpor snails (Lair:6)
  7 eyes of devastation
  Joseph (Lair:1)
  2 ice statues (IceCv)
  14 cane toads
  3 gargoyles
  A yaktaur zombie (D:15)
  18 komodo dragons
  A yaktaur (D:12)
  A freezing wraith (D:15)
  5 kobold demonologists
  An efreet (D:12)
  A rime drake (Lair:3)
  2 tengu conjurers
  A troll (shapeshifter) (D:14)
  7 trolls
  A meliai (D:12)
  8 hornets
  11 polar bears
  3 tyrant leeches (Lair:6)
  Grinder (D:6)
  An ettin zombie (D:15)
  2 raiju (Lair:6)
  23 blink frogs
  4 air elementals
  6 wraiths
  A shadow (D:12)
  41 yaks
  2 water elementals
  5 wyverns
  2 vampires (D:10)
  15 vampire mosquitoes
  13 golden eyes (WizLab)
  A basilisk (Lair:3)
  A human (D:13)
  2 steam dragons (Lair:4)
  2 neqoxecs (WizLab)
  Menkaure (D:4)
  A naga (Lair:2)
  13 wargs
  A soldier ant (D:10)
  A floating eye (Gauntlet)
  13 hell hounds (Lair:6)
  9 water moccasins
  2 phantoms
  38 orc warriors
  7 ice beasts
  13 black bears
  3 sky beasts
  A necrophage (D:6)
  4 starcursed masses (WizLab)
  17 ogres
  25 wolves
  9 centaurs
  11 big kobolds
  21 bullfrogs
  3 earth elementals
  13 killer bees
  15 wights
  2 electric eels (D:11)
  A howler monkey (D:5)
  5 centaur zombies
  A bullfrog zombie (D:10)
  2 quasits
  4 centaur skeletons
  10 hounds
  23 orc priests
  2 bullfrog skeletons
  9 jellies
  4 iguanas
  35 orc wizards
  3 worker ants
  5 hell rats (Lair:1)
  2 hound zombies
  4 hound skeletons
  3 worker ant zombies
  Robin (D:2)
  2 howler monkey skeletons
  4 gnolls
  16 adders
  3 shadow imps
  7 white imps
  An ooze (D:6)
  3 worms
  3 adder skeletons
  6 leopard geckos
  103 orcs
  5 giant cockroaches
  15 goblins
  9 hobgoblins
  8 jackals
  27 kobolds
  5 quokkas
  11 bats
  4 frilled lizards (D:1)
  A jackal skeleton (D:7)
  2 quokka skeletons
  A quokka zombie (D:8)
  7 rats
  2 starspawn tentacles (WizLab)
993 creatures vanquished.

Vanquished Creatures (others)
  A deep elf high priest (Elf:1)
  A manticore (D:14)
  2 wolves (Lair:6)
  26 demonic plants
  21 fungi
  47 plants
  19 starspawn tentacles (WizLab)
  20 withered plants
137 creatures vanquished.

Grand Total: 1130 creatures vanquished

Notes
Turn   | Place    | Note
-------+----------+-------------------------------------------
     0 | D:1      | Peloso the Minotaur Fighter began the quest for the Orb.
     0 | D:1      | Reached XP level 1. HP: 19/19 MP: 0/0
   364 | D:1      | Reached XP level 2. HP: 24/27 MP: 1/1
   560 | D:1      | Reached skill level 4 in Shields
   998 | D:2      | Reached XP level 3. HP: 32/33 MP: 2/2
  1405 | D:2      | Found a broken altar of Ashenzari.
  1424 | D:2      | Reached skill level 1 in Dodging
  1434 | D:2      | Noticed Robin
  1452 | D:2      | Reached XP level 4. HP: 34/40 MP: 3/3
  1471 | D:2      | Killed Robin
  1892 | D:2      | Reached skill level 5 in Shields
  2055 | D:3      | Reached XP level 5. HP: 46/46 MP: 4/4
  2877 | D:4      | Found Exkepn's Armour Emporium.
  2894 | D:4      | Noticed Menkaure
  2900 | D:4      | Killed Menkaure
  2901 | D:4      | Reached XP level 6. HP: 53/53 MP: 5/5
  2930 | D:4      | Found Milomeuv's Jewellery Boutique.
  2968 | D:4      | Found Gadghisk's Book Boutique.
  3081 | D:4      | Found Baxzuducw's Antique Weapon Boutique.
  3175 | D:4      | Found Sititieple's Weapon Boutique.
  3332 | D:5      | Entered Level 5 of the Dungeon
  3449 | D:5      | Reached skill level 5 in Long Blades
  3449 | D:5      | Reached skill level 5 in Armour
  3449 | D:5      | Reached skill level 6 in Shields
  3564 | D:5      | Reached XP level 7. HP: 58/60 MP: 6/6
  3910 | D:5      | Noticed a two-headed ogre
  3962 | D:6      | Reached skill level 5 in Fighting
  3962 | D:6      | Reached XP level 8. HP: 31/68 MP: 7/7
  4137 | D:6      | Noticed Grinder
  4149 | D:6      | Killed Grinder
  4418 | D:6      | Reached skill level 7 in Shields
  4910 | D:6      | Found a staircase to the Ecumenical Temple.
  4918 | Temple   | Entered the Ecumenical Temple
  5016 | Temple   | Became a worshipper of Warmaster Okawaru
  5447 | D:6      | Reached * piety under Okawaru
  5448 | D:6      | Reached XP level 9. HP: 71/75 MP: 8/8
  6597 | D:7      | Noticed Harold
  6615 | D:7      | Killed Harold
  6615 | D:7      | Reached ** piety under Okawaru
  6616 | D:7      | Reached skill level 8 in Shields
  6936 | D:7      | Reached *** piety under Okawaru
  6955 | D:7      | Found a runed translucent door.
  6961 | D:7      | Found the +10 tower shield of Ignorance {rN+ Int-4}
  6962 | D:7      | Noticed an orange crystal statue
  7009 | D:7      | Found a runed translucent door.
  7136 | D:8      | Reached skill level 10 in Long Blades
  7156 | D:8      | Reached XP level 10. HP: 65/86 MP: 7/9
  7351 | D:8      | Found a blossoming altar of Fedhas.
  7354 | D:8      | Noticed an oklob plant
  7354 | D:8      | Noticed an oklob plant
  7490 | D:8      | Reached skill level 9 in Shields
  7749 | D:8      | Reached **** piety under Okawaru
  7909 | D:9      | Found a broken altar of Ashenzari.
  7995 | D:9      | Found an iron altar of Okawaru.
  8180 | D:9      | Noticed Erolcha
  8188 | D:9      | Killed Erolcha
  8432 | D:10     | Entered Level 10 of the Dungeon
  8624 | D:10     | Reached skill level 10 in Shields
  8662 | D:10     | Noticed a two-headed ogre
  8675 | D:10     | Killed a two-headed ogre
  8675 | D:10     | Reached ***** piety under Okawaru
  8988 | D:10     | Received a gift from Okawaru
  9064 | D:10     | Reached skill level 10 in Armour
  9064 | D:10     | Reached XP level 11. HP: 94/94 MP: 7/10
  9091 | D:10     | Found the +12 Vampire's Tooth {vamp}
  9135 | D:10     | Reached skill level 1 in Short Blades
  9849 | D:11     | Noticed a boulder beetle
  9862 | D:11     | Killed a boulder beetle
  9863 | D:11     | Reached skill level 5 in Dodging
  9907 | D:11     | Found Dutiyl's Antique Armour Emporium.
  9924 | D:11     | Noticed a cyan ugly thing
  9941 | D:11     | Killed a cyan ugly thing
  9942 | D:11     | Reached skill level 11 in Shields
 10108 | D:11     | Noticed a boulder beetle
 10149 | D:11     | Killed a boulder beetle
 10150 | D:11     | Reached skill level 5 in Short Blades
 10217 | D:11     | Found a staircase to the Orcish Mines.
 10341 | D:11     | Noticed a green ugly thing
 10362 | D:11     | Killed a green ugly thing
 10388 | D:11     | Killed an unseen horror
 10483 | D:11     | Found a staircase to the Lair.
 10554 | D:11     | Received a gift from Okawaru
 10778 | D:11     | You fall into a shaft and drop 1 floor!
 10784 | D:12     | Reached XP level 12. HP: 105/105 MP: 11/11
 10929 | D:12     | Noticed a fire dragon
 10929 | D:12     | Noticed a death knight
 10966 | D:12     | Killed a fire dragon
 11010 | D:12     | Noticed a two-headed ogre
 11325 | D:11     | Killed a two-headed ogre
 11490 | D:4      | Bought the +3 pair of gauntlets of War {Slay+5} for 570
                  | gold pieces
 11490 | D:4      | Found the +3 pair of gauntlets of War {Slay+5}
 11675 | D:12     | Reached skill level 10 in Fighting
 11675 | D:12     | Reached skill level 12 in Shields
 11806 | D:12     | Noticed a great orb of eyes
 11818 | D:12     | Killed a great orb of eyes
 11937 | D:12     | Killed a death knight
 12041 | D:12     | Identified the Grimoire of Flying Toxins
 12087 | D:12     | Noticed a fire dragon
 12110 | D:12     | Killed a fire dragon
 12110 | D:12     | Reached ****** piety under Okawaru
 12216 | D:12     | Noticed an eight-headed hydra
 12250 | D:12     | Killed an eight-headed hydra
 12250 | D:12     | Received a gift from Okawaru
 12263 | D:12     | Reached skill level 13 in Shields
 12263 | D:12     | Reached skill level 1 in Invocations
 12401 | D:12     | Reached XP level 13. HP: 77/114 MP: 6/13
 12572 | Lair:1   | Entered Level 1 of the Lair of Beasts
 12616 | Lair:1   | Noticed Nergalle
 12628 | Lair:1   | Killed Nergalle
 12629 | Lair:1   | Reached skill level 1 in Stealth
 12952 | Lair:1   | Noticed Joseph
 12963 | Lair:1   | Killed Joseph
 13029 | Lair:1   | Noticed Urug
 13051 | Lair:1   | Killed Urug
 13150 | Lair:1   | Received a gift from Okawaru
 13608 | Lair:2   | Found a gate leading to a gauntlet.
 13615 | Gauntlet | Entered a Gauntlet
 13615 | Gauntlet | Found a transporter.
 13615 | Gauntlet | Found a transporter.
 13617 | Gauntlet | Found a transporter.
 13619 | Gauntlet | Found a transporter.
 13636 | Gauntlet | Found a transporter.
 13637 | Gauntlet | Found a transporter.
 13654 | Gauntlet | Found a transporter.
 13742 | Gauntlet | Found a transporter.
 13744 | Gauntlet | Found a transporter.
 13754 | Gauntlet | Found a transporter.
 13758 | Gauntlet | Found a transporter.
 13768 | Gauntlet | Found a transporter.
 13845 | Gauntlet | Paralysed by a floating eye for 3 turns
 13914 | Gauntlet | Identified the +8 flail of Tartarus {pain, Int+3} (You
                  | found it in a Gauntlet)
 14325 | Gauntlet | Got an iridescent great sword
 14326 | Gauntlet | Identified the +9 great sword of Ytiboag {vorpal, rPois rC-
                  | Int+4} (You found it in a Gauntlet)
 14357 | Gauntlet | Noticed a minotaur
 14364 | Gauntlet | Killed a minotaur
 14371 | Gauntlet | Identified the Catalogue of Lightness and the Traveller
 14905 | Lair:2   | Found a staircase to the Swamp.
 14914 | Lair:2   | Reached skill level 14 in Shields
 15570 | Lair:2   | Found a staircase to the Snake Pit.
 16513 | D:4      | Bought a shimmering long sword for 204 gold pieces
 16514 | D:4      | Identified the +9 long sword of Agony {freeze, *Slow rC-
                  | rN+ Int+8} (You bought it in a shop on level 4 of the
                  | Dungeon)
 17351 | Lair:3   | Noticed Fannar
 17364 | Lair:3   | Killed Fannar
 17545 | Lair:3   | Reached XP level 14. HP: 104/124 MP: 14/14
 17774 | Lair:3   | Received a gift from Okawaru
 19885 | Orc:1    | Entered Level 1 of the Orcish Mines
 20484 | Orc:2    | Entered Level 2 of the Orcish Mines
 20501 | Orc:1    | Received a gift from Okawaru
 20507 | Orc:1    | Got a blackened plate armour {god gift}
 20518 | Orc:1    | Identified the +7 plate armour of the Raven {*Slow rF-
                  | rC+++ rCorr} (Okawaru gifted it to you on level 1 of the
                  | Orcish Mines)
 20523 | Orc:2    | Reached skill level 15 in Shields
 20816 | Orc:2    | Found a roughly hewn altar of Beogh.
 20817 | Orc:2    | Found Tuonn's Antique Armour Shoppe.
 21030 | Orc:2    | Found a roughly hewn altar of Beogh.
 21030 | Orc:2    | Found a staircase to the Elven Halls.
 21258 | Orc:2    | Found a roughly hewn altar of Beogh.
 21335 | Orc:2    | Found Ennyneci's Book Shoppe.
 21362 | Orc:2    | Found a roughly hewn altar of Beogh.
 21458 | Orc:2    | Noticed Saint Roka
 21521 | Orc:2    | Killed Saint Roka
 21618 | Orc:2    | Found Zoopaumm's Antique Weapon Boutique.
 21628 | Orc:2    | Found a roughly hewn altar of Beogh.
 21749 | Orc:2    | Found Rime Xes's Antique Armour Shop.
 21768 | Orc:2    | Bought a runed hat for 245 gold pieces
 21967 | Orc:2    | Found a roughly hewn altar of Beogh.
 22217 | D:13     | Noticed Josephine
 22230 | D:13     | Killed Josephine
 22245 | D:13     | Reached skill level 15 in Long Blades
 22264 | D:13     | Received a gift from Okawaru
 22817 | D:13     | Found a gate to the Vaults.
 22837 | D:13     | Reached skill level 16 in Shields
 23082 | D:14     | Reached XP level 15. HP: 135/136 MP: 15/15
 23591 | D:14     | Found Culumm's Magic Scroll Boutique.
 23595 | D:14     | Bought a scroll of enchant weapon for 97 gold pieces
 23595 | D:14     | Bought a scroll of brand weapon for 260 gold pieces
 23595 | D:14     | Bought a scroll of enchant armour for 97 gold pieces
 23850 | D:15     | Entered Level 15 of the Dungeon
 23872 | D:15     | Found Vifen's Weapon Emporium.
 23881 | D:15     | Found a frozen archway.
 23889 | IceCv    | Entered an ice cave
 23923 | IceCv    | Found a transporter.
 23939 | IceCv    | Found a transporter.
 24037 | D:15     | Received a gift from Okawaru
 24040 | D:15     | Identified the +6 mace of Defence {drain, +Inv rC+}
                  | (Okawaru gifted it to you on level 15 of the Dungeon)
 24333 | D:15     | Found a staircase to the Depths.
 24789 | D:15     | Found Doli Bua's General Store.
 24797 | D:15     | Bought a scroll of magic mapping for 42 gold pieces
 24797 | D:15     | Bought a scroll of blinking for 90 gold pieces
 24797 | D:15     | Bought a scroll of blinking for 90 gold pieces
 24798 | D:15     | Found Yseanule's Antique Armour Shoppe.
 24855 | D:15     | Reached skill level 17 in Shields
 25009 | D:15     | Found Emaseril's Weapon Boutique.
 25125 | D:15     | Found Zixkeell's Antique Armour Shoppe.
 25724 | Lair:5   | Received a gift from Okawaru
 25788 | Lair:5   | Found a staircase to the Slime Pits.
 25862 | Lair:5   | You fall into a shaft and drop 1 floor!
 25862 | Lair:6   | Entered Level 6 of the Lair of Beasts
 26381 | Lair:6   | Found a runed translucent door.
 26956 | Lair:6   | Reached XP level 16. HP: 142/147 MP: 17/17
 27924 | Lair:5   | Received a gift from Okawaru
 27952 | Lair:5   | Reached skill level 18 in Shields
 28022 | Lair:5   | Identified the +11 falchion of Quupt {drain, +Inv rF+ rC-}
                  | (You found it on level 5 of the Lair of Beasts)
 28816 | D:7      | Reached skill level 15 in Armour
 29111 | D:7      | Lost intelligence.
 30635 | Elf:1    | Entered Level 1 of the Elven Halls
 30761 | Elf:1    | Found a radiant altar of Vehumet.
 30764 | Elf:1    | Noticed Jorgrun
 30882 | Orc:2    | Received a gift from Okawaru
 30980 | Elf:1    | Killed Jorgrun
 31323 | Elf:1    | Reached skill level 15 in Fighting
 32494 | Elf:1    | Found Zuurue's Gadget Shoppe.
 32496 | Elf:1    | Found Simuc's Jewellery Boutique.
 32497 | Elf:1    | Found Retreb's Gadget Shoppe.
 32506 | Elf:1    | Bought a wand of digging (2) for 168 gold pieces
 32648 | Elf:1    | Found Rixayrosch's Armour Emporium.
 32937 | Elf:1    | Noticed Donald
 32958 | Elf:1    | Killed Donald
 33212 | Elf:1    | Received a gift from Okawaru
 33826 | Elf:2    | Found the +5 demon whip "Spellbinder" {antimagic, MR+}
 33862 | Elf:2    | Found Gax Dew's Distillery.
 33865 | Elf:2    | Bought a potion of heal wounds for 65 gold pieces
 33865 | Elf:2    | Bought a potion of might for 52 gold pieces
 33865 | Elf:2    | Bought a potion of might for 52 gold pieces
 34151 | Elf:2    | Found a runed translucent gate.
 34151 | Elf:2    | Found a runed translucent gate.
 34151 | Elf:2    | Found a runed translucent gate.
 34467 | Elf:3    | Entered Level 3 of the Elven Halls
 34525 | Elf:3    | Found a magical portal.
 34535 | Elf:3    | Found a flickering gateway to a bazaar.
 34541 | Bazaar   | Entered a bazaar
 34541 | Bazaar   | Found Nilan's General Store.
 34541 | Bazaar   | Found Wepsuom's Book Shoppe.
 34557 | Bazaar   | Found Riacotol's Gadget Emporium.
 34590 | Bazaar   | Found Dituomau's Distillery.
 34598 | Bazaar   | Bought a potion of mutation for 128 gold pieces
 34598 | Bazaar   | Bought a potion of heal wounds for 80 gold pieces
 34642 | WizLab   | Entered Lehudib's Moon Base
 34653 | WizLab   | Noticed a tentacled starspawn
 34653 | WizLab   | Noticed a tentacled starspawn
 34658 | WizLab   | Killed a tentacled starspawn
 34659 | WizLab   | Reached XP level 17. HP: 147/156 MP: 18/18
 34664 | WizLab   | Reached skill level 19 in Shields
 34768 | WizLab   | Received a gift from Okawaru
 34852 | WizLab   | Found a transporter.
 34857 | WizLab   | Reached skill level 1 in Axes
 34857 | WizLab   | Reached XP level 18. HP: 166/166 MP: 19/19
 35317 | WizLab   | Gained mutation: Scrolls take you a little longer to read.
                  | [a cacodemon]
 35741 | WizLab   | Got a smoking jade ring
 35742 | WizLab   | Lost intelligence.
 35742 | WizLab   | Identified the ring of Hospitality {Ice rPois rN+++ Str-4
                  | Int-4} (You found it in a wizard's laboratory)
 36775 | WizLab   | Found a transporter.
 36875 | WizLab   | Gained mutation: You are occasionally teleported next to
                  | monsters. [a neqoxec]
 36876 | WizLab   | Gained mutation: Armour fits poorly on your strangely
                  | shaped body. [a neqoxec]
 37035 | WizLab   | Noticed a moon troll
 37060 | WizLab   | HP: 6/168 [acid (14)]
 37063 | WizLab   | Killed from afar by a moon troll

Illustrated notes

Levels and vault maps discovered:
D:1:      scummos_arrival_checkerplants, layout_loops_ring, hex_tiny,
          glass_columns_a, kennysheep_pointless_box, minmay_misc_feat_enclosed
D:2:      layout_loops_ring, nicolae_ashenzari_panopticon, uniq_robin
D:3:      layout_loops_ring, serial_glass, glass_columns_b, glass_columns_c
D:4:      layout_loops_ring, serial_shops, nicolae_shop_crystal,
          nicolae_shop_crystal, shop, nicolae_shop_stone,
          nicolae_shop_statue_plus, uniq_menkaure
D:5:      layout_cave_pools, kennysheep_another_room
D:6:      layout_basic, minmay_temple_entry_tees, serial_curves, eino_curves_01,
          eino_curves_01, eino_curves_02, minmay_misc_feat_square, uniq_grinder
D:7:      layout_loops_cross, chequers_guarded_unrand_ignorance, uniq_harold
D:8:      layout_rooms, special_room [special_room_kobold],
          hangedman_tree_tricks
D:9:      layout_small_grid, basic_altar, okawaru_gym_becter, uniq_erolcha
D:10:     layout_basic, minmay_guarded_unrand_vampires_tooth
D:11:     layout_small_grid, erik_lair_island, orc_0_dummy, serial_shops,
          nicolae_shop_waterfront
D:12:     minmay_swirls_squares, layout_cross, st_stairs_3
D:13:     layout_cave_pools, grunt_vaults_entry_fortified, uniq_josephine
D:14:     layout_rooms, chequers_serial_rivers_small_3, serial_shops,
          nicolae_shop_stone
D:15:     gammafunk_depths_entry_grave, layout_basic, serial_shops,
          nicolae_shop_waterfront, nicolae_shop_trees, nicolae_shop_crystal,
          shop, shop, portal_ice_cave_entry_pillars_2, hangedman_decor_growths
Temple:   kilobyte_greek_temple
Lair:1:   layout_gridlike, uniq_joseph, uniq_urug, uniq_nergalle
Lair:2:   layout_layer_cave, skrybe_swamp_entry_bodies,
          guppyfry_snake_entry_island, gauntlet_entry_generic,
          grunt_forest_stairs_basic, minmay_lair_oklob_chamber,
          lemuel_fruit_fields
Lair:3:   layout_regular_city, uniq_fannar
Lair:4:   layout_roguey, serial_bayou_pond_d, grunt_megastairs_5,
          infiniplex_staircase_pool, lemuel_fruit_tree
Lair:5:   layout_regular_city, slime_dummy, serial_bayou_pond_a,
          lemuel_fruit_fields
Lair:6:   hangedman_lair_caniforms_friends, layout_hall_layers, wormcave
Orc:1:    layout_caves, mines_bat_river
Orc:2:    grunt_orc_community_town_hall, layout_caves,
          grunt_orc_community_big_house_1, grunt_orc_community_big_house_1,
          grunt_orc_community_house_2, grunt_orc_community_house_3,
          grunt_orc_community_house_2, grunt_orc_community_house_3,
          grunt_orc_community_house_3, grunt_orc_community_house_1,
          mines5_lemuel
Elf:1:    eino_elf_arrival_altar, layout_gridlike, serial_shops, shop,
          hangedman_elf_represent, minmay_shop_grove, uniq_jorgrun, uniq_donald
Elf:2:    layout_onion_city, serial_shops, nicolae_shop_crystal,
          minmay_misc_feat_cross, minivault_24
Elf:3:    minmay_elf_hall, layout_gridlike, serial_shops, bzr_entry_islet,
          mu_enter_wizlab_6, st_stairs_12, uniq_bai_suzhen
WizLab:   wizlab_lehudib

Skill      XL: |  1  2  3  4  5  6  7  8  9 10 11 12 13 14 15 16 17 18 |
---------------+-------------------------------------------------------+-----
Shields        | 4 5 6 7 8 10 11 13 14 16 17 18 19 | 19.5
Armour         | 4 5 6 8 9 10 12 13 14 15 16 | 16.4
Long Blades    | 3 4 5 6 8 10 12 14 15 16 17 | 17.8
Dodging        | 1 2 3 4 5 6 7 |  7.2
Fighting       | 4 5 6 7 8 9 10 11 13 14 15 16 | 16.5
Short Blades   | 7 9 |  9.6
Invocations    | 1 2 3 4 |  4.1
Stealth        | 1 2 |  2.6
Axes           | 1 |  1.0
Maces & Flails | |  0.6
Polearms       | |  0.6
Staves         | |  0.6
Slings         | |  0.5
Bows           | |  0.5
Crossbows      | |  0.5
Throwing       | |  0.4
Unarmed Combat | |  0.5
Spellcasting   | |  0.2
Conjurations   | |  0.4
Hexes          | |  0.2
Summonings     | |  0.2
Necromancy     | |  0.2
Translocations | |  0.2
Transmutations | |  0.5
Fire Magic     | |  0.2
Ice Magic      | |  0.2
Air Magic      | |  0.2
Earth Magic    | |  0.5
Poison Magic   | |  0.2
Evocations     | |  0.8

Action                   |  1- 3 |  4- 6 |  7- 9 | 10-12 | 13-15 | 16-18 || total
-------------------------+-------+-------+-------+-------+-------+-------++-------
Melee: Long sword        |   130 |   164 |   304 |   222 |       |       ||   820
       Headbutt          |    14 |    25 |    80 |   174 |   340 |   237 ||   870
       Quick blade       |       |       |       |   554 |    45 |       ||   599
       Scimitar          |       |       |       |       |  1231 |   794 ||  2025
       Falchion          |       |       |       |       |       |    24 ||    24
Invok: Heroism           |       |       |       |     7 |    11 |    12 ||    30
       Finesse           |       |       |       |     1 |     1 |     3 ||     5
Evoke: Wand              |       |       |       |     3 |       |       ||     3
  Use: Scroll            |     4 |     1 |    11 |     7 |    16 |     5 ||    44
       Potion            |     4 |       |     1 |     1 |     4 |     6 ||    16
Armor: Scale mail        |    73 |    31 |    15 |   153 |       |       ||   272
       Chain mail        |       |    43 |    69 |       |       |       ||   112
       Plate armour      |       |       |       |   102 |   534 |   295 ||   931
Dodge: Dodged            |    50 |    58 |    64 |   185 |   374 |   226 ||   957
Block: Kite shield       |    95 |   113 |   151 |   381 |   850 |   495 ||  2085
       Reflection        |       |       |       |     4 |    43 |    21 ||    68
       Rpst.: Long sword |    12 |    12 |    16 |    18 |       |       ||    58
       Scimitar          |       |       |       |       |   104 |    38 ||   142
       Falchion          |       |       |       |       |       |     6 ||     6

Table legend: (Time is in decaauts)
 A = Elapsed time spent in this place.
 B = Non-inter-level travel time spent in this place.
 C = Inter-level travel time spent in this place.
 D = Time resting spent in this place.
 E = Time spent auto-exploring this place.
 F = Levels seen in this place.
 G = Mean time per level.
                   A        B        C        D        E       F      G
               +--------+--------+--------+--------+--------+-----+--------+
         Total |  37132 |  34736 |   2396 |   4185 |  21376 |  31 | 1197.8 |
       Dungeon |  18583 |  16785 |   1798 |   2133 |  10473 |  15 | 1238.9 |
        Temple |    130 |    130 |      0 |      0 |     92 |   1 |  130.0 |
          Lair |   8836 |   8353 |    483 |    582 |   5631 |   6 | 1472.7 |
  Orcish Mines |   2853 |   2797 |     56 |    797 |   1214 |   2 | 1426.5 |
   Elven Halls |   3352 |   3294 |     58 |    301 |   2215 |   3 | 1117.3 |
        Bazaar |     81 |     81 |      0 |      0 |      0 |   1 |   81.0 |
      Ice Cave |     96 |     96 |      0 |      0 |     12 |   1 |   96.0 |
        Wizlab |   2328 |   2328 |      0 |      0 |   1632 |   1 | 2328.0 |
      Gauntlet |    867 |    867 |      0 |    371 |    106 |   1 |  867.0 |
               +--------+--------+--------+--------+--------+-----+--------+

Top non-repeatable levels by time:
     D:7: 2983 daAuts
   Elf:1: 2355 daAuts
  WizLab: 2328 daAuts
     D:6: 2288 daAuts
   Orc:2: 2055 daAuts
  Lair:6: 1961 daAuts
  Lair:2: 1868 daAuts
  Lair:1: 1588 daAuts
    D:15: 1544 daAuts
  Lair:3: 1439 daAuts
    D:10: 1330 daAuts
    D:11: 1314 daAuts
     D:2: 1216 daAuts
  Lair:4: 1169 daAuts
     D:8: 1103 daAuts
